 Dungeon Crawl Stone Soup version 0.25-a0-474-ga8a2ee3166 (webtiles) character file.

Game seed: 9861166336123969520, levelgen mode: deterministic

53295 RedPan the Frost Mage (level 14, -19/110 HPs)
             Began as a Green Draconian Ice Elementalist on Feb 7, 2020.
             Was a High Priest of Vehumet.
             Demolished by a frost giant
             ... wielding a +0 battleaxe of freezing
              (33 damage)
             ... while paralysed by a sphinx
             ... on level 13 of the Dungeon.
             The game lasted 01:05:23 (20022 turns).

RedPan the Frost Mage (DrIE)                       Turns: 20022, Time: 01:05:24

Health: -19/110    AC: 26    Str: 10    XL:     14   Next: 30%
Magic:  4/37       EV:  2    Int: 23    God:    Vehumet [*****.]
Gold:   1085       SH:  0    Dex: 19    Spells: 10/33 levels left

rFire    . . .     SeeInvis +   L - +11 morningstar of Distant Worlds {freeze, MP+9 SInv}
rCold    . . .     Gourm    .   l - +2 shield {reflect}
rNeg     . . .     Faith    .   (armour unavailable)
rPois    +         Spirit   .   (helmet restricted)
rElec    .         Reflect  +   r - scarf {repulsion}
rCorr    .         Harm     .   d - +2 pair of gloves
MR       ++...                  p - +0 pair of boots of Vehumet's Hatred {MR+ Int+3}
Stlth    ++........             P - +4 amulet of reflection
HPRegen  0.28/turn              F - +6 ring of dexterity
MPRegen  0.25/turn              H - +6 ring of protection

@: paralysed, icy armour, very slightly contaminated, repel missiles
A: breathe noxious fumes, unfitting armour, stinger 1, poison resistance,
cold-blooded, AC +8
a: Breathe Noxious Fumes, Renounce Religion


You were on level 13 of the Dungeon.
You worshipped Vehumet.
Vehumet was extremely pleased with you.
You were hungry.

You visited 3 branches of the dungeon, and saw 20 of its levels.

You collected 1340 gold pieces.
You spent 255 gold pieces at shops.

Inventory:

Hand Weapons
 A - a +4 spear of electrocution
 C - the +6 glaive of Risk Management {venom, rN+}
   (You found it on level 7 of the Dungeon)

   It poisons the flesh of those it strikes.
   It protects you from negative energy.
 L - the +11 morningstar of Distant Worlds (weapon) {freeze, MP+9 SInv}
   (You found it on level 4 of the Lair of Beasts)

   It has been specially enchanted to freeze those struck by it, causing extra
   injury to most foes and up to half again as much damage against particularly
   susceptible opponents.
   It can also slow down cold-blooded creatures.
   It affects your magic capacity (+9).
   It lets you see invisible.
Armour
 d - a +2 pair of gloves (worn)
 l - a +2 shield of reflection (worn)
 p - the +0 pair of boots of Vehumet's Hatred (worn) {MR+ Int+3}
   (You acquired it on level 10 of the Dungeon)

   It affects your intelligence (+3).
   It affects your resistance to hostile enchantments.
   If you remove this armour, your AC will fall 1 point (26 -> 25)
 r - a scarf of repulsion (worn)
Jewellery
 t - an uncursed ring of ice
 x - an uncursed ring of protection from magic
 F - a +6 ring of dexterity (left hand)
 H - a +6 ring of protection (right hand)
 P - a +4 amulet of reflection (around neck)
Wands
 a - a wand of flame (11)
 g - a wand of acid (22)
 k - a wand of disintegration (7)
 u - a wand of iceblast (43)
 y - a wand of polymorph (22)
 J - a wand of paralysis (6)
 O - a wand of random effects (62)
Scrolls
 i - a scroll of magic mapping
 m - 10 scrolls of remove curse
 s - 2 scrolls of fear
 v - 3 scrolls of fog
 w - 4 scrolls of amnesia
 D - 7 scrolls of teleportation
 E - a scroll of enchant weapon
 M - 6 scrolls of identify
 N - a scroll of silence
Potions
 e - 7 potions of brilliance
 f - 4 potions of berserk rage
 h - 4 potions of flight
 j - a potion of haste
 n - 9 potions of heal wounds
 q - 6 potions of curing
 z - 3 potions of lignification
 B - a potion of resistance {unknown}
 G - 2 potions of agility
 I - a potion of might
 K - 2 potions of magic
 Q - 2 potions of invisibility
 S - a potion of cancellation
Comestibles
 b - 20 rations
 c - 8 chunks of flesh


   Skills:
 - Level 6.0 Fighting
 + Level 7.0 Maces & Flails
 - Level 9.0 Polearms
 + Level 10.4 Dodging
 - Level 2.0 Stealth
 + Level 8.3 Shields
 - Level 10.0 Spellcasting
 - Level 2.0 Conjurations
 - Level 3.1 Charms
 + Level 8.9 Summonings
 + Level 10.6 Ice Magic


You had 10 spell levels left.
You knew the following spells:

 Your Spells              Type           Power        Failure   Level  Hunger
a - Freeze                Ice            ####         1%          1    None
b - Frozen Ramparts       Ice            ######       1%          3    None
c - Summon Ice Beast      Ice/Summ       ######..     2%          4    #......
d - Ozocubu's Armour      Chrm/Ice       #####...     2%          3    None
e - Hailstorm             Conj/Ice       #####...     2%          4    #......
f - Swiftness             Chrm/Air       ###.....     11%         2    None
g - Ozocubu's Refrigerat  Ice            ######....   7%          6    ######.

Your spell library contained the following spells:

 Spells                   Type           Power        Failure   Level  Hunger
 Iskenderun's Battlesphe  Conj/Chrm      ###.....     32%         5    ####...
 Shock                    Conj/Air       ###.         2%          1    None
 Ensorcelled Hibernation  Hex/Ice        #####.       2%          2    None
 Dazzling Flash           Conj/Hex       ###...       7%          3    None
 Static Discharge         Conj/Air       ###.....     7%          3    None
 Beastly Appendage        Tmut           ##....       13%         1    None
 Corona                   Hex            ##.....      13%         1    None
 Ice Form                 Ice/Tmut       #####...     14%         4    #......
 Sticks to Snakes         Tmut           ##......     21%         2    None
 Spectral Weapon          Hex/Chrm       ###.....     22%         3    None
 Airstrike                Air            ##........   32%         4    #......
 Confusing Touch          Hex            ##......     36%         3    None
 Portal Projectile        Hex/Tloc       ##....       36%         3    None
 Spider Form              Tmut/Pois      ##........   36%         3    None
 Tukima's Dance           Hex            ##......     36%         3    None
 Lightning Bolt           Conj/Air       ###.......   50%         5    ####...
 Blade Hands              Tmut           ##........   98%         5    ####...
 Controlled Blink         Tloc           N/A          100%        8    #######


Dungeon Overview and Level Annotations

Branches:
Dungeon (13/15)            Temple (1/1) D:6            Lair (6/6) D:9
 Shoals (0/4) Lair:4       Spider (0/4) Lair:3        Slime (0/5) Lair:6
    Orc (0/2) D:9
 Vaults: D:13-14

Altars:
Ashenzari
Cheibriados
Dithmenos
Elyvilon
Fedhas
Gozag
Hepliaklqana
Kikubaaqudgha
Makhleb
Nemelex Xobeh
Okawaru
Qazlal
Ru
Sif Muna
Trog
Uskayaw
Vehumet
Wu Jian
Xom
Yredelemnul
Zin
The Shining One

Shops:
D:10 [

Annotations:
D:8 1 runed translucent door, stripedtigrrr's ghost, novice MfGl
Lair:5 exclusion: oklob plant
Lair:6 1 runed translucent door, exclusion: oklob plant


Innate Abilities, Weirdness & Mutations

You can breathe blasts of noxious fumes.
Your lurid green scales are hard. (AC +8)
You cannot fit into any form of body armour.
Your tail ends in a poisonous barb.
Your system is resistant to poisons. (rPois)
You are cold-blooded and may be slowed by cold attacks.


Message History

You can drink potions again.
The shock serpent shoots out a bolt of lightning at you!
The bolt of electricity hits you!
Your ice beast hits the deep elf mage.
Your ice beast freezes the deep elf mage!!
The deep elf mage dies!
Vehumet accepts your kill.
The ice devil disappears in a puff of smoke!
The jumping spider disappears in a puff of smoke! x2
Your Maces & Flails skill increases to level 7!
The frost giant casts a spell at you. The bolt of cold hits you!!
The shock serpent bites you. The shock serpent shocks you!
* * * LOW HITPOINT WARNING * * *
The sphinx barely misses you.
The sphinx hits you but does no damage. x2
The frost giant looks more healthy.
The shock serpent shoots out a bolt of lightning at you!
The bolt of electricity hits you!
* * * LOW HITPOINT WARNING * * *
The frost giant hits you with a +0 battleaxe of freezing!!
You die...

#....# #....# #....#
##....# #.....#
##...(.# ###.(....#
##############)†(.....#
...§.CC@.....))).....##
....).SH....(........#
...(.§Y.§(..........##
.......§§.........###
###################


You could see a frost giant, a sphinx, an ettin shaped shifter, a shock serpent
shaped shifter and a friendly ice beast.

Vanquished Creatures
  Kirke (Lair:6)
  A dire elephant (Lair:1)
  2 hydras
  Erolcha (D:10)
  A centaur warrior (D:13)
  2 two-headed ogres
  7 death yaks
  An unseen horror (D:13)
  2 lindwurms (Lair:6)
  An ugly thing (D:13)
  A deep elf mage (D:12)
  2 cyclopes (D:12)
  6 elephants
  3 black mambas
  3 torpor snails (Lair:6)
  A gargoyle (D:12)
  9 spiny frogs
  5 komodo dragons
  A kobold demonologist (D:13)
  An efreet (D:13)
  A yaktaur (D:13)
  2 tengu conjurers (D:11)
  3 tyrant leeches (Lair:6)
  3 trolls
  A polar bear (Lair:4)
  3 blink frogs
  Prince Ribbit (D:7)
  5 slime creatures (D:13)
  4 hornets (Lair:6)
  8 hippogriffs
  Sigmund (D:4)
  A hog (shapeshifter) (D:13)
  2 wyverns (D:12)
  A shadow (D:12)
  A basilisk (D:12)
  22 yaks
  4 hogs (Lair:6)
  A steam dragon (D:12)
  4 vampire mosquitoes
  2 hungry ghosts
  A soldier ant (D:13)
  13 water moccasins
  An orc warrior (D:6)
  8 porcupines
  7 sky beasts
  A black bear (D:7)
  3 phantoms
  An ice beast (D:7)
  6 wolves
  7 centaurs
  3 ogres
  13 crocodiles
  14 bullfrogs
  4 big kobolds
  A scorpion (D:11)
  A killer bee (D:10)
  A wight (D:13)
  2 howler monkeys
  An electric eel (Lair:4)
  3 bullfrog zombies
  6 crimson imps
  3 centaur zombies
  2 bullfrog skeletons
  3 hounds
  A jelly (D:13)
  A gnoll shaman (D:7)
  5 orc priests
  2 centaur skeletons
  4 iguanas
  Ijyb (D:4)
  8 worker ants
  12 orc wizards
  A hound skeleton (D:9)
  2 worker ant zombies
  A howler monkey zombie (D:8)
  13 adders
  5 gnolls
  A river rat (D:9)
  2 shadow imps
  2 oozes
  2 adder skeletons
  A worm (D:6)
  3 dart slugs
  6 leopard geckos
  39 orcs
  A ball python (D:3)
  8 giant cockroaches
  7 hobgoblins
  11 jackals
  12 kobolds
  6 quokkas
  7 bats
  A frilled lizard (D:2)
  3 goblins
  A jackal skeleton (D:5)
  A leopard gecko zombie (D:7)
  5 rats
  A bush (D:6)
  5 fungi (Lair:6)
  4 plants (Lair:6)
411 creatures vanquished.

Vanquished Creatures (collateral kills)
  2 hydras
  3 catoblepae
  A centaur warrior (D:13)
  2 death yaks (D:9)
  3 deep elf magi
  An ugly thing (D:10)
  2 elephants (Lair:5)
  3 spiny frogs (Lair:1)
  A centaur skeleton (D:13)
  3 torpor snails
  3 komodo dragons
  A troll (D:11)
  2 hornets (Lair:6)
  7 blink frogs
  A hornet (shapeshifter) (D:13)
  3 hippogriffs
  A snapping turtle (Lair:4)
  13 yaks
  A basilisk (Lair:4)
  A wyvern (Lair:4)
  A hungry ghost (D:7)
  Menkaure (D:5)
  2 water moccasins
  An orc warrior (D:6)
  2 black bears
  4 wolves
  3 ogres
  2 bullfrogs
  A gnoll sergeant (D:6)
  2 killer bees (D:10)
  2 wights (D:13)
  6 electric eels
  2 crimson imps
  2 jellies
  2 orc priests (D:6)
  A worker ant (D:13)
  A worker ant zombie (D:8)
  2 gnolls (D:7)
  A shadow imp (D:6)
  2 oozes (Lair:6)
  2 orcs (D:6)
  A quokka (D:6)
  A fungus (Lair:1)
  A plant (Lair:6)
99 creatures vanquished.

Vanquished Creatures (others)
  A water moccasin (Lair:6)
  A worm (D:4)
  7 fungi
  2 plants
  10 toadstools (Lair:1)
21 creatures vanquished.

Grand Total: 531 creatures vanquished

Notes
Turn   | Place    | Note
-------+----------+-------------------------------------------
     0 | D:1      | RedPan the Draconian Ice Elementalist began the quest for
                  | the Orb.
     0 | D:1      | Reached XP level 1. HP: 14/14 MP: 3/3
   243 | D:1      | Reached XP level 2. HP: 19/20 MP: 5/5
   892 | D:2      | Reached XP level 3. HP: 25/26 MP: 2/6
  1022 | D:2      | Learned a level 3 spell: Frozen Ramparts
  1700 | D:3      | Reached XP level 4. HP: 25/33 MP: 1/8
  1848 | D:3      | Learned a level 4 spell: Summon Ice Beast
  2161 | D:3      | Found a glowing silver altar of Zin.
  2739 | D:4      | Reached skill level 1 in Summonings
  2739 | D:4      | Reached skill level 5 in Ice Magic
  2739 | D:4      | Reached XP level 5. HP: 34/38 MP: 2/10
  2819 | D:4      | Noticed Ijyb
  2836 | D:4      | Killed Ijyb
  3237 | D:4      | Reached XP level 6. HP: 45/45 MP: 5/11
  3495 | D:4      | Noticed Sigmund
  3506 | D:4      | Killed Sigmund
  3847 | D:5      | Entered Level 5 of the Dungeon
  3981 | D:5      | Noticed Menkaure
  3989 | D:5      | Killed Menkaure
  3989 | D:5      | Your scales start taking on a lurid green colour.
  3989 | D:5      | Reached XP level 7. HP: 30/50 MP: 1/13
  3989 | D:5      | Gained mutation: Your system is resistant to poisons.
                  | (rPois) [Green Draconian growth]
  5068 | D:6      | Reached skill level 5 in Spellcasting
  5130 | D:6      | Learned a level 3 spell: Ozocubu's Armour
  5135 | D:6      | Learned a level 4 spell: Hailstorm
  5156 | D:6      | Found a snail-covered altar of Cheibriados.
  5164 | D:6      | Found a staircase to the Ecumenical Temple.
  5175 | Temple   | Entered the Ecumenical Temple
  5256 | Temple   | Became a worshipper of Vehumet
  5476 | D:6      | Reached skill level 1 in Conjurations
  5572 | D:6      | Reached XP level 8. HP: 56/57 MP: 15/15
  5967 | D:7      | Noticed a hippogriff
  5977 | D:7      | Killed a hippogriff
  5977 | D:7      | Reached skill level 5 in Summonings
  6255 | D:7      | Got a pitted glaive
  6256 | D:7      | Identified the +6 glaive of Risk Management {venom, rN+}
                  | (You found it on level 7 of the Dungeon)
  6404 | D:7      | Noticed Prince Ribbit
  6410 | D:7      | Killed Prince Ribbit
  6410 | D:7      | Reached skill level 1 in Polearms
  6410 | D:7      | Reached XP level 9. HP: 48/62 MP: 10/19
  6425 | D:7      | Reached * piety under Vehumet
  6425 | D:7      | Offered knowledge of Sandblast by Vehumet.
  6791 | D:8      | Reached skill level 1 in Fighting
  6857 | D:8      | Learned a level 2 spell: Swiftness
  6897 | D:8      | Found a runed translucent door.
  6977 | D:8      | Reached skill level 1 in Shields
  7200 | D:8      | Reached skill level 1 in Charms
  7314 | D:8      | Found a shimmering altar of Xom.
  7314 | D:8      | Noticed stripedtigrrr's ghost (novice MfGl)
  7315 | D:8      | Noticed a +0 quarterstaff of chaos
  7346 | D:9      | Found a staircase to the Orcish Mines.
  7609 | D:9      | Noticed a death yak
  7639 | D:9      | Killed a death yak
  7723 | D:9      | Reached XP level 10. HP: 77/77 MP: 21/21
  7723 | D:9      | Offered knowledge of Magic Dart by Vehumet.
  7725 | D:9      | Reached ** piety under Vehumet
  7751 | D:9      | Found a staircase to the Lair.
  7752 | D:9      | Noticed a death yak
  7772 | D:9      | Noticed a death yak
  7775 | D:9      | Killed a death yak
  7786 | D:9      | Killed a death yak
  8227 | D:9      | Identified the Catalogue of the Compass and Protection
  8681 | D:10     | Entered Level 10 of the Dungeon
  8766 | D:10     | Reached skill level 5 in Polearms
  8848 | D:10     | Noticed a brown ugly thing
  8858 | D:10     | Killed a brown ugly thing
  8880 | D:10     | Noticed Erolcha
  8889 | D:10     | Killed Erolcha
  8889 | D:10     | Reached skill level 5 in Dodging
  9097 | D:10     | Offered knowledge of Dazzling Flash by Vehumet.
  9111 | D:10     | Reached XP level 11. HP: 84/84 MP: 14/23
  9230 | D:10     | Found Luukoada's Antique Armour Emporium.
  9235 | D:10     | Bought a pair of embroidered boots for 255 gold pieces
  9354 | D:10     | Reached *** piety under Vehumet
  9415 | D:10     | Identified a scroll of acquirement
  9415 | D:10     | Identified the +0 pair of boots of Vehumet's Hatred {MR+
                  | Int+3} (You acquired it on level 10 of the Dungeon)
  9415 | D:10     | Identified the Compendium of Unholy Secrets (You acquired
                  | it on level 10 of the Dungeon)
  9518 | Lair:1   | Entered Level 1 of the Lair of Beasts
  9525 | Lair:1   | You fall into a shaft and drop 1 floor!
 10170 | Lair:1   | Noticed a catoblepas
 10170 | Lair:1   | Noticed a dire elephant
 10190 | Lair:1   | Found a runed translucent door.
 10308 | Lair:1   | Offered knowledge of Conjure Flame by Vehumet.
 10536 | Lair:1   | HP: 1/84 [dire elephant (13)]
 10545 | Lair:1   | Killed a dire elephant
 10853 | Lair:1   | Killed a catoblepas
 11367 | Lair:2   | Reached **** piety under Vehumet
 11367 | Lair:2   | Reached skill level 10 in Spellcasting
 11766 | Lair:2   | Offered knowledge of Iskenderun's Mystic Blast by Vehumet.
 11794 | Lair:2   | Reached skill level 5 in Fighting
 12272 | Lair:3   | Reached XP level 12. HP: 93/94 MP: 22/26
 12482 | Lair:3   | Found a hole to the Spider Nest.
 13310 | Lair:4   | Found a staircase to the Shoals.
 13577 | Lair:4   | Got a crude morningstar
 13578 | Lair:4   | Identified the +11 morningstar of Distant Worlds {freeze,
                  | MP+9 SInv} (You found it on level 4 of the Lair of Beasts)
 13695 | Lair:4   | Reached skill level 1 in Maces & Flails
 14546 | Lair:5   | Noticed an eight-headed hydra
 14548 | Lair:5   | Noticed a catoblepas
 14557 | Lair:5   | Killed an eight-headed hydra
 14571 | Lair:5   | Killed a catoblepas
 14571 | Lair:5   | Reached skill level 5 in Shields
 14688 | Lair:5   | Reached ***** piety under Vehumet
 14986 | Lair:5   | Noticed a catoblepas
 14995 | Lair:5   | Killed a catoblepas
 15278 | Lair:5   | Offered knowledge of Ozocubu's Refrigeration by Vehumet.
 15297 | Lair:5   | Learned a level 6 spell: Ozocubu's Refrigeration
 15314 | Lair:5   | You fall into a shaft and drop 1 floor!
 15314 | Lair:6   | Entered Level 6 of the Lair of Beasts
 15561 | Lair:6   | Reached XP level 13. HP: 102/102 MP: 22/27
 15779 | Lair:6   | Paralysed by a hornet for 3 turns
 15908 | Lair:6   | Found a runed translucent door.
 16790 | Lair:6   | Found a staircase to the Slime Pits.
 16804 | Lair:6   | Reached skill level 5 in Maces & Flails
 17017 | Lair:6   | Noticed Kirke
 17025 | Lair:6   | Killed Kirke
 17118 | Lair:6   | Reached skill level 10 in Ice Magic
 17855 | D:11     | Got a smoking war axe
 17856 | D:11     | Identified the +1 war axe of a volcano {vorpal, rElec
                  | Stlth+} (You found it on level 11 of the Dungeon)
 18338 | D:11     | Identified the Tome of Supportive Lightness (You acquired
                  | it on level 11 of the Dungeon)
 18338 | D:11     | Identified the ring "Xisox" {rF+ Dex+4} (You acquired it on
                  | level 11 of the Dungeon)
 18376 | D:12     | Offered knowledge of Iskenderun's Battlesphere by Vehumet.
 18376 | D:12     | Reached skill level 10 in Dodging
 19067 | D:12     | Gained mutation: Your tail ends in a poisonous barb. [Green
                  | Draconian growth]
 19067 | D:12     | Reached XP level 14. HP: 110/110 MP: 28/28
 20010 | D:13     | Noticed a frost giant
 20011 | D:13     | Noticed a sphinx
 20020 | D:13     | Paralysed by a sphinx for 6 turns
 20022 | D:13     | Demolished by a frost giant

Levels and vault maps discovered:
D:1:      nicolae_arrival_memento_mori, layout_loops_ring
D:2:      layout_basic
D:3:      layout_basic, overflow_temple_1_default
D:4:      layout_loops_cross, ebering_dispersal_statue_hall, uniq_sigmund,
          uniq_ijyb
D:5:      layout_rooms, first_ration, minivault_24, minivault_24, uniq_menkaure
D:6:      layout_rooms, minmay_temple_entry_drinking_statues, basic_altar,
          kb_lookout_dungeons_type, kennysheep_generic_room_2
D:7:      layout_basic, uniq_prince_ribbit1
D:8:      layout_rooms, ebering_ghost_xom, blue_anna_alchemist
          [blue_anna_fruit_fields, blue_anna_fruit_fields]
D:9:      layout_basic, dpeg_lair_monsters, orc_0_dummy
D:10:     layout_loops_ring, serial_shops, shop_fountains, uniq_erolcha
D:11:     layout_irregular_city
D:12:     layout_basic
D:13:     minmay_nested_s, layout_loops_ring, minivault_27
Temple:   grunt_wide_crystal_templ
Lair:1:   gammafunk_lair_enchanted_lake, layout_regular_city
Lair:2:   layout_cave_pods, beast_lair_carwin_1, grunt_megastairs_4
Lair:3:   layout_regular_city, nicolae_spider_entry_orb_guardian
Lair:4:   layout_regular_city, minmay_shoals_entry_hut, serial_bayou,
          serial_bayou_lagoon_a, serial_bayou_pond_a, serial_bayou_pond_a,
          serial_bayou_lake_a
Lair:5:   layout_roguey, grunt_megastairs_5, minmay_lair_oklob_chamber
Lair:6:   hangedman_lair_in_review, layout_misc_corridors, wormcave,
          nicolae_slime_entry_slimehenge, minivault_24, minivault_26, uniq_kirke

Skill      XL: |  1  2  3  4  5  6  7  8  9 10 11 12 13 14 |
---------------+-------------------------------------------+-----
Stealth        | 2 |  2.0
Dodging        | 2 3 5 7 9 10 | 10.4
Spellcasting   | 3 4 5 6 7 8 10 | 10.0
Summonings     | 1 2 3 4 5 6 8 |  8.9
Ice Magic      | 5 6 8 9 10 | 10.6
Conjurations   | 1 2 |  2.0
Polearms       | 1 4 6 8 9 |  9.0
Fighting       | 3 4 5 6 |  6.0
Shields        | 3 4 5 7 8 |  8.3
Charms         | 2 3 |  3.1
Maces & Flails | 3 6 7 |  7.0

Action                   |  1- 3 |  4- 6 |  7- 9 | 10-12 | 13-15 || total
-------------------------+-------+-------+-------+-------+-------++-------
Melee: Hand axe          |    44 |    66 |       |       |       ||   110
       Tailslap          |     2 |    10 |    23 |    25 |    33 ||    93
       Staff             |       |     1 |     8 |       |       ||     9
       Quarterstaff      |       |       |   128 |       |       ||   128
       Glaive            |       |       |    56 |   285 |       ||   341
       Morningstar       |       |       |       |    90 |   249 ||   339
       Unarmed           |       |       |       |       |     3 ||     3
 Cast: Freeze            |    26 |    44 |    22 |       |     3 ||    95
       Frozen Ramparts   |     3 |     6 |    24 |    44 |    32 ||   109
       Summon Ice Beast  |       |     2 |    31 |    89 |    41 ||   163
       Hailstorm         |       |       |     1 |     4 |     2 ||     7
       Swiftness         |       |       |     1 |     2 |       ||     3
       Ozocubu's Armour  |       |       |       |     7 |    10 ||    17
       Ozocubu's Refrige |       |       |       |     1 |    25 ||    26
Evoke: Wand              |       |       |     1 |       |       ||     1
  Use: Scroll            |     5 |     7 |     4 |    13 |     6 ||    35
       Potion            |       |       |       |     1 |       ||     1
 Stab: Sleeping          |     2 |     2 |     2 |     5 |     5 ||    16
       Distracted        |       |       |     1 |     5 |     1 ||     7
       Petrified         |       |       |       |     8 |       ||     8
  Eat: Chunk             |     3 |     7 |    14 |    23 |    24 ||    71
       Ration            |       |       |     1 |     2 |       ||     3
Armor: Skin              |    26 |    50 |    54 |   127 |    51 ||   308
Dodge: Dodged            |    59 |    90 |   138 |   363 |   167 ||   817
       Deflected         |       |       |    11 |    13 |     6 ||    30
Block: Buckler           |       |       |       |    47 |    45 ||    92
       Other             |       |       |       |     6 |       ||     6
       Shield            |       |       |       |       |   130 ||   130
       Reflection        |       |       |       |       |     9 ||     9

Table legend:
 A = Non-vault XP
 B = Vault XP
 C = Vault XP percentage of total XP
 D = Non-vault monster count
 E = Vault monster count
 F = Vault count percentage of total count
                 A         B        C        D         E       F
            +---------+---------+-------+---------+---------+-------
      Total |   49771 |   26366 |  34.6 |     410 |      90 |  18.0
            +---------+---------+-------+---------+---------+-------
        D:1 |      25 |       0 |   0.0 |      12 |       0 |   0.0
        D:2 |      66 |       0 |   0.0 |      17 |       0 |   0.0
        D:3 |      70 |       0 |   0.0 |      26 |       0 |   0.0
        D:4 |     200 |     259 |  56.4 |      14 |       2 |  12.5
        D:5 |     121 |     124 |  50.6 |       5 |       1 |  16.7
        D:6 |     632 |     175 |  21.7 |      24 |       3 |  11.1
        D:7 |    1114 |     259 |  18.9 |      25 |       1 |   3.8
        D:8 |     673 |      86 |  11.3 |      17 |       1 |   5.6
        D:9 |    1512 |    2273 |  60.1 |      36 |       8 |  18.2
       D:10 |    2757 |     973 |  26.1 |      27 |       1 |   3.6
       D:11 |    2864 |       0 |   0.0 |      18 |       0 |   0.0
       D:12 |    5345 |       0 |   0.0 |      27 |       0 |   0.0
       D:13 |    4011 |    7361 |  64.7 |      29 |      27 |  48.2
     Lair:1 |    2839 |    3831 |  57.4 |      16 |      10 |  38.5
     Lair:2 |    2229 |     551 |  19.8 |      16 |       6 |  27.3
     Lair:3 |    2469 |       0 |   0.0 |      14 |       0 |   0.0
     Lair:4 |    5215 |     224 |   4.1 |      29 |       1 |   3.3
     Lair:5 |    5182 |    2268 |  30.4 |      19 |       4 |  17.4
     Lair:6 |   12447 |    7982 |  39.1 |      39 |      25 |  39.1
            +---------+---------+-------+---------+---------+-------
